Map: Abyssal Reef LE

Players

Winter

  • Race: Zerg Zerg
  • Spawn Location: 5:00

Snute - Winner!

  • Race: Zerg Zerg
  • Spawn Location: 11:00

Event: WCS Jonkoping 2017

VOD

Have the link to the VOD?

Description

Time

  • Played on: June 17, 2017, 2:05 p.m.
  • Length: 17:03

All games in this series

Show
View Real Time Build Order
Export as new Build Order

Winter Zerg 

Build Orders: Pool First 

Get SALT Encoding   

  12  0:18  Spawning Pool  
  11  0:22  Drone  
  11  0:27  Drone  
  13  0:32  Drone  
  14  0:40  Overlord  
  14  1:05  Zergling x6  
  17  1:16  Zergling x2  
  18  1:20  Hatchery  
  17  1:27  Zergling x2  
  18  1:34  Queen  
  18  1:39  Zergling x2  
  21  1:48  Overlord  
  21  2:01  Drone  
  22  2:03  Spine Crawler  
  21  2:13  Queen  
  23  2:27  Drone x2  
  25  2:36  Zergling x4  
  21  2:42  Queen  
  23  2:46  Zergling x2  
  24  2:51  Zergling x2  
  24  3:02  Zergling x4  
  24  3:08  Queen  
  26  3:18  Spine Crawler  
  24  3:32  Drone  
  27  3:35  Drone x4  
  27  3:36  Drone  
  31  3:49  Overlord  
  31  3:54  Drone x2  
  33  3:56  Extractor  
  33  3:57  Extractor  
  33  3:59  Overlord  
  31  4:07  Drone x2  
  33  4:14  Drone x2  
  33  4:15  Drone  
  36  4:17  Drone  
  36  4:20  Drone  
  36  4:22  Drone  
  39  4:27  Drone  
  39  4:29  Drone  
  41  4:34  Drone  
  42  4:42  Metabolic Boost  
  42  4:43  Drone x2  
  45  4:45  Drone  
  45  4:59  Drone x2  
  47  5:01  Drone  
  47  5:02  Roach Warren, Evolution Chamber  
  47  5:06  Drone x2  
  48  5:13  Lair  
  48  5:29  Hatchery  
  48  5:32  Zerg Missile Weapons Level 1  
  48  5:33  Zergling x6  
  47  5:37  Zergling x4  
  49  5:43  Overlord x2  
  49  5:47  Zergling x4  
  51  5:51  Overlord  
  51  6:00  Overlord  
  51  6:02  Zergling x6  
  51  6:03  Zergling x2  
  55  6:08  Zergling x2  
  55  6:09  Zergling x6  
  59  6:15  Glial Reconstitution, Drone x2  
  59  6:18  Extractor  
  60  6:19  Drone  
  60  6:21  Drone  
  60  6:36  Drone x4  
  63  6:42  Drone  
  63  6:44  Drone x3  
  63  6:45  Drone  
  68  6:49  Overlord  
  68  6:50  Drone x2  
  70  6:56  Roach x2  
  71  7:04  Roach x3  
  77  7:15  Roach  
  77  7:16  Roach x4  
  77  7:20  Roach x2  
  77  7:21  Roach x3  
  90  7:23  Extractor, Drone  
  90  7:24  Drone  
  90  7:29  Drone  
  90  7:33  Spire  
  90  7:35  Extractor  
  88  7:37  Drone x2  
  88  7:43  Extractor  
  89  7:45  Drone x4  
  89  7:46  Drone  
  89  7:48  Drone  
  95  7:54  Overseer  
  95  7:55  Overlord x2  
  95  8:01  Drone x3  
  98  8:14  Zergling x2, Drone x3  
  98  8:15  Zergling x18  
  111  8:28  Overlord x2  
  111  8:30  Zerg Missile Weapons Level 2  
  111  8:35  Hatchery  
  110  8:48  Mutalisk x7  
  110  8:51  Mutalisk  
  110  8:52  Mutalisk  
  128  9:00  Mutalisk  
  128  9:01  Overlord x2  
  116  9:12  Drone x5  
  121  9:17  Roach  
  121  9:18  Overlord x3  
  121  9:19  Overlord  
  121  9:30  Baneling Nest  
  118  9:34  Mutalisk x3  
  120  9:39  Drone x4  
  120  9:40  Unknown  
  120  9:41  Roach x3  
  130  9:51  Roach x5  
  136  9:54  Roach x2  
  136  9:57  Mutalisk  
  134  10:03  Roach x3  
  120  10:08  Mutalisk x2  
  120  10:12  Roach  
  120  10:13  Roach x2  
  124  10:23  Centrifical Hooks  
  124  10:27  Roach x2  
  124  10:28  Roach x4  
  136  10:31  Roach x2  
  140  10:38  Roach x4  
  150  10:42  Roach  
  150  10:43  Roach  
  150  10:45  Overlord  
  150  10:49  Roach x2  
  156  10:50  Roach  
  156  10:56  Roach x4  
  164  11:00  Zergling x10  
  169  11:08  Roach x4  
  169  11:11  Ravager x5  
  168  11:13  Zergling x2  
  168  11:14  Zergling x2  
  168  11:22  Zergling x2  
  168  11:23  Zergling x14  
  172  11:29  Baneling x10  
  172  11:36  Roach x4  
  178  11:43  Baneling x3  
  178  11:44  Roach x3  
  178  11:45  Overseer  
  165  11:52  Roach x4  
  168  11:55  Mutalisk  
  168  12:00  Zergling x2  
  168  12:01  Zergling x10  
  172  12:03  Ravager  
  172  12:04  Ravager  
  172  12:07  Roach x2  
  174  12:13  Roach x2  
  180  12:15  Roach  
  180  12:21  Zergling x6  
  183  12:22  Baneling  
  183  12:23  Baneling x2  
  171  12:58  Roach x7  
  174  13:00  Overlord x2  
  169  13:08  Zergling x8  
  169  13:09  Zergling x8  
  169  13:11  Mutalisk x2  
  167  13:13  Zerg Flyer Weapons Level 1  
  167  13:16  Mutalisk x2  
  167  13:19  Extractor  
  170  13:20  Mutalisk x2  
  170  13:26  Mutalisk x2  
  178  13:35  Zergling x6  
  181  13:41  Mutalisk x3  
  181  13:43  Zergling x2  
  181  13:44  Hatchery, Zergling x14  
  194  13:51  Overseer  
  194  13:53  Overlord x2  
  189  13:59  Spine Crawler  
  189  14:00  Spine Crawler  
  189  14:01  Spine Crawler  
  184  14:11  Zergling x20  
  184  14:12  Zergling x4  
  195  14:23  Zergling x2  
  195  14:24  Zergling x8  
  200  14:28  Baneling x7  
  200  14:29  Baneling x7  
  200  14:37  Baneling x12  
  200  14:38  Baneling x2  
  192  14:58  Zergling x28  
  190  15:05  Roach x3  
  174  15:12  Roach  
  174  15:13  Roach x3  
  171  15:23  Roach x5  
  179  15:29  Infestation Pit  
  178  15:37  Baneling x8  
  178  15:38  Baneling x9  
  178  15:40  Zergling x2  
  178  15:41  Zergling x2  
  179  15:51  Zergling x6  
  179  15:52  Zergling x6  
  163  16:08  Roach x5  
  141  16:12  Baneling x3  
  141  16:16  Roach x2  
  142  16:19  Overseer  
  121  16:25  Roach  
  121  16:26  Roach x2  
  121  16:29  Ravager  
  121  16:30  Ravager x3  
  129  16:34  Roach  
  129  16:35  Roach x2  
  135  16:40  Roach x2  
Show
View Real Time Build Order
Export as new Build Order

Snute Zerg - Winner!

Build Orders: Pool First 

Get SALT Encoding   

  12  0:00  Drone  
  13  0:15  Extractor  
  12  0:25  Spawning Pool  
  12  0:27  Drone  
  12  0:32  Drone  
  13  0:37  Drone  
  14  0:49  Overlord  
  14  1:11  Zergling x2  
  14  1:12  Zergling x4  
  14  1:15  Metabolic Boost  
  17  1:22  Zergling x2  
  18  1:33  Zergling x2  
  18  1:38  Baneling Nest  
  18  1:44  Queen  
  20  1:50  Zergling x2  
  21  1:55  Zergling x2  
  22  2:07  Overlord  
  22  2:26  Zergling x2  
  23  2:34  Zergling x2  
  22  2:41  Zergling x2  
  23  2:50  Hatchery  
  22  2:53  Baneling  
  22  2:56  Drone  
  22  3:06  Baneling  
  22  3:07  Baneling  
  22  3:09  Drone x2  
  22  3:12  Drone  
  25  3:17  Drone  
  26  3:29  Drone  
  25  3:35  Queen  
  25  3:39  Drone  
  25  3:40  Drone  
  29  3:45  Overlord  
  29  4:02  Drone x4  
  33  4:09  Drone x3  
  36  4:13  Overlord  
  36  4:16  Drone  
  37  4:24  Drone  
  37  4:28  Drone  
  39  4:34  Drone  
  40  4:40  Drone  
  40  4:41  Hatchery  
  40  4:43  Drone  
  40  4:44  Drone  
  42  4:48  Drone  
  42  4:51  Drone  
  44  4:53  Drone  
  44  4:55  Overlord  
  44  4:56  Drone  
  44  4:57  Drone  
  47  5:02  Drone  
  48  5:08  Roach Warren  
  48  5:12  Evolution Chamber  
  48  5:13  Lair  
  46  5:16  Drone  
  46  5:17  Drone  
  46  5:18  Drone  
  46  5:20  Drone  
  50  5:22  Extractor  
  50  5:24  Drone  
  50  5:25  Drone  
  50  5:26  Drone  
  50  5:27  Drone  
  53  5:30  Drone x2  
  53  5:32  Drone  
  55  5:36  Drone  
  55  5:40  Zerg Missile Weapons Level 1  
  57  5:42  Extractor, Drone  
  56  5:50  Overlord  
  56  5:51  Drone x2  
  56  5:54  Queen  
  60  5:57  Overlord  
  60  6:00  Extractor  
  58  6:13  Baneling x2  
  58  6:14  Glial Reconstitution  
  58  6:15  Roach x2  
  58  6:18  Zergling x12  
  63  6:19  Zergling x2  
  63  6:25  Drone x4  
  72  6:30  Drone x3  
  72  6:32  Drone  
  77  6:39  Baneling x2  
  77  6:41  Queen x2  
  77  6:43  Drone  
  82  6:49  Overlord  
  82  6:51  Overlord  
  82  6:53  Extractor  
  81  6:55  Queen  
  81  6:56  Zergling x4  
  80  7:04  Roach  
  84  7:08  Roach  
  84  7:09  Roach x2  
  84  7:13  Roach x2  
  84  7:14  Roach x3  
  94  7:24  Infestation Pit, Roach x2  
  94  7:27  Overlord  
  94  7:28  Overlord  
  97  7:36  Overlord x2  
  96  7:40  Zerg Missile Weapons Level 2  
  95  7:47  Drone x2  
  95  7:48  Drone x7  
  104  7:52  Roach x2  
  104  7:55  Extractor  
  107  8:00  Overlord  
  107  8:01  Infestor x2  
  111  8:09  Roach x6  
  121  8:16  Unknown  
  121  8:19  Overlord x2  
  121  8:20  Ravager x2  
  123  8:28  Overseer  
  123  8:29  Roach x3  
  123  8:32  Hatchery  
  128  8:34  Overlord x2  
  128  8:39  Burrow  
  128  8:40  Roach x3  
  134  8:46  Roach x3  
  134  8:48  Baneling x3  
  140  8:50  Roach  
  142  8:57  Ravager  
  142  8:58  Ravager  
  142  9:00  Roach x2  
  145  9:17  Roach x9  
  161  9:43  Queen x2, Drone  
  161  9:44  Spore Crawler  
  161  9:45  Spore Crawler, Hydralisk Den  
  164  9:47  Spore Crawler  
  164  9:50  Queen  
  161  9:57  Drone  
  161  9:58  Drone x6  
  163  10:09  Drone x5  
  163  10:14  Ravager x4, Overlord  
  166  10:15  Overlord  
  166  10:16  Muscular Augments  
  166  10:17  Zerg Ground Armor Level 1  
  168  10:26  Overlord  
  168  10:34  Hydralisk  
  168  10:35  Hydralisk x6  
  180  10:36  Overseer  
  184  10:43  Spore Crawler  
  184  10:44  Hydralisk  
  184  10:45  Hydralisk x2  
  184  10:47  Hydralisk x2  
  184  10:48  Overlord  
  191  10:57  Tunneling Claws  
  191  11:11  Overlord  
  191  11:13  Pneumatized Carapace  
  187  11:19  Overlord  
  161  11:44  Roach  
  161  11:45  Roach x15  
  191  11:47  Roach x5  
  199  11:55  Ravager  
  197  12:05  Roach x28  
  197  12:06  Roach x2  
  200  12:14  Extractor  
  200  12:15  Zerg Ground Armor Level 2  
  199  12:24  Hatchery  
  198  12:46  Drone x7  
  198  12:51  Queen x2  
  188  12:52  Roach x5  
  186  12:59  Drone x19  
  175  13:06  Roach x4  
  175  13:08  Infestor x4  
  175  13:12  Roach x23  
  185  13:17  Drone  
  185  13:18  Drone x2  
  188  13:21  Roach  
  188  13:22  Roach  
  192  13:30  Lurker Den  
  192  14:04  Hydralisk x4  
  197  14:16  Roach x2  
  199  14:40  Overlord x2  
  199  14:41  Overlord x2  
  195  15:05  Drone x3  
  196  15:12  Drone x4  
  189  15:16  Drone x11  
  189  15:20  Spine Crawler  
  199  15:22  Spine Crawler  
  199  15:26  Lurker x2  
  200  15:31  Spine Crawler  
  200  15:32  Drone  
  200  15:34  Spine Crawler  
  199  15:39  Spine Crawler  
  199  15:40  Spine Crawler  
  168  16:09  Roach x16  
  168  16:10  Roach x2  
  192  16:22  Roach x15  
  176  16:26  Roach  
  176  16:27  Roach x5  
  176  16:29  Lurker x4  
  196  16:38  Roach x2  
Tags
 
Add a new tag
Caveats
  • Supply blocks, unpowered buildings, or Contaminate may cause inaccurate times.
  • Supply counts are checked every 10 seconds.